 Dungeon Crawl Stone Soup version 0.23.1 (webtiles) character file.

Game seed: 0

274 shit the Cudgeler (level 6, 0/56 HPs)
             Began as a Minotaur Fighter on Mar 16, 2019.
             Succumbed to a kobold's poison
             ... on level 3 of the Dungeon.
             The game lasted 00:11:55 (2108 turns).

shit the Cudgeler (Minotaur Fighter)                Turns: 2108, Time: 00:11:55

Health: 0/56       AC: 11    Str: 27      XL:     6   Next: 3%
Magic:  5/5        EV:  6    Int:  9 (10) God:
Gold:   117        SH: 10    Dex:  9 (10) Spells: 5/5 levels left

rFire    . . .     SeeInvis .   a - +0 flail
rCold    . . .     Gourm    .   c - +0 shield
rNeg     . . .     Faith    .   m - +1 chain mail
rPois    .         Spirit   .   (helmet restricted)
rElec    .         Reflect  .   (no cloak)
rCorr    .         Harm     .   (no gloves)
MR       .....                  g - +0 pair of boots
Stlth    ..........             (no amulet)
HPRegen  0.18/turn              (no ring)
MPRegen  0.09/turn              (no ring)

@: mighty, brilliant, lethally poisoned (0 -> -5)
A: retaliatory headbutt, horns 2
a: no special abilities


You were on level 3 of the Dungeon.
You were completely stuffed.

You visited 1 branch of the dungeon, and saw 3 of its levels.

You collected 117 gold pieces.

Inventory:

Hand Weapons
 a - a +0 flail (weapon)
Missiles
 e - 121 stones (quivered)
Armour
 c - a +0 shield (worn)
 g - a +0 pair of boots (worn)
 m - a +1 chain mail (worn)
Jewellery
 o - an uncursed ring of see invisible
Scrolls
 n - a scroll of remove curse
 p - a scroll of amnesia
Potions
 k - a potion of brilliance
 l - a potion of flight
Comestibles
 j - 7 chunks of flesh


   Skills:
 - Level 5.0 Fighting
 + Level 6.8 Maces & Flails
 - Level 3.6 Armour
 - Level 3.6 Shields


You had 5 spell levels left.
You didn't know any spells.
Your spell library was empty.

Dungeon Overview and Level Annotations

Branches:
Dungeon (3/15)

Altars:
Fedhas
Kikubaaqudgha
Uskayaw
Xom
Yredelemnul
The Shining One


Innate Abilities, Weirdness & Mutations

You reflexively headbutt those who attack you in melee.
You have a pair of horns on your head.


Message History

* * * LOW HITPOINT WARNING * * *
You feel sick.
* * * LOW HITPOINT WARNING * * *
You feel sick.
* * * LOW HITPOINT WARNING * * *
You feel sick.
* * * LOW HITPOINT WARNING * * *
You feel sick.
* * * LOW HITPOINT WARNING * * *
You feel sick.
* * * LOW HITPOINT WARNING * * *
You feel sick.
* * * LOW HITPOINT WARNING * * *
You feel sick.
Some of the chunks of flesh in your inventory have rotted away.
You're too full to eat anything.
You see here a stone.
* * * LOW HITPOINT WARNING * * *
You feel sick.
You die...

#...#.................
#...#.................
#.....................
#.................#######
.....#.#................
...#.#.#...(............
. #)#.#.(..............
###...#................
#...(.@..####....)...##
#...(....# #........#
#...(>...# #........#
#...(....# #........#
#..(.....# #........#
#.......## #........#
#.......# ##########
#####...# #.###


There were no monsters in sight!

Vanquished Creatures
  A centaur (D:2)
  A hound (D:3)
  Ijyb (D:3)
  A gnoll (D:1)
  5 adders
  An ooze (D:2)
  4 worms (D:2)
  4 dart slugs
  An orc (D:2)
  A giant cockroach (D:1)
  10 goblins
  11 hobgoblins
  9 kobolds
  A quokka (D:2)
  8 bats
  6 rats
65 creatures vanquished.

Notes
Turn   | Place    | Note
-------+----------+-------------------------------------------
     0 | D:1      | shit the Minotaur Fighter began the quest for the Orb.
     0 | D:1      | Reached XP level 1. HP: 19/19 MP: 0/0
    83 | D:1      | Reached skill level 3 in Maces & Flails
    83 | D:1      | Reached XP level 2. HP: 27/27 MP: 1/1
   424 | D:1      | Reached XP level 3. HP: 34/34 MP: 2/2
   647 | D:2      | Reached skill level 4 in Maces & Flails
   651 | D:2      | Reached XP level 4. HP: 14/41 MP: 3/3
   931 | D:2      | Reached skill level 5 in Fighting
  1306 | D:2      | Noticed a centaur
  1337 | D:2      | Found a shimmering altar of Xom.
  1363 | D:2      | Killed a centaur
  1363 | D:2      | Reached skill level 5 in Maces & Flails
  1363 | D:2      | Reached XP level 5. HP: 10/48 MP: 4/4
  1682 | D:2      | Found a basalt altar of Yredelemnul.
  1686 | D:2      | Found a blossoming altar of Fedhas.
  1688 | D:2      | Found a glowing golden altar of the Shining One.
  1707 | D:2      | Found a hide-covered altar of Uskayaw.
  1807 | D:3      | Reached skill level 6 in Maces & Flails
  1866 | D:3      | Noticed Ijyb
  1877 | D:3      | Paralysed by Ijyb for 3 turns
  1890 | D:3      | Killed Ijyb
  1947 | D:3      | Reached XP level 6. HP: 53/56 MP: 5/5
  2045 | D:3      | Found an ancient bone altar of Kikubaaqudgha.
  2104 | D:3      | HP: 2/56 [poisoned by a kobold]
  2108 | D:3      | Succumbed to a kobold's poison

Skill      XL: |  1  2  3  4  5 |
---------------+----------------+-----
Fighting       | 4 5 |  5.0
Maces & Flails | 3 4 5 6 |  6.8
Armour         | |  3.6
Shields        | |  3.6

Action                   |  1- 3 |  4- 6 || total
-------------------------+-------+-------++-------
Melee: Flail             |    82 |   106 ||   188
       Headbutt          |     6 |    13 ||    19
Throw: Stone             |     2 |    30 ||    32
  Use: Potion            |       |     5 ||     5
       Scroll            |       |     7 ||     7
  Eat: Chunk             |       |     4 ||     4
       Ration            |       |     3 ||     3
Armor: Scale mail        |    36 |    36 ||    72
       Skin              |       |     6 ||     6
       Chain mail        |       |     6 ||     6
Dodge: Dodged            |    22 |    42 ||    64
Block: Shield            |    28 |    55 ||    83
